 Dungeon Crawl Stone Soup version 0.27-a0-1189-gb8eb6cee8e (webtiles) character file.

Game seed: 7185996074351720822

233 roflturtle the Changer (level 5, 0/45 HPs)
             Began as a Draconian Transmuter on May 22, 2021.
             Slain by an ice beast (2 damage)
             ... in the Ecumenical Temple.
             The game lasted 00:11:49 (3905 turns).

roflturtle the Changer (Draconian Transmuter)       Turns: 3905, Time: 00:11:49

Health: 0/45       AC:  5    Str: 12    XL:     5   Next: 74%
Magic:  8/9        EV: 12    Int: 18    God:
Gold:   206        SH:  0    Dex: 18    Spells: 4/10 levels left

rFire    . . .     SeeInvis +     - Unarmed
rCold    + . .     Faith    .   (no shield)
rNeg     . . .     Spirit   .   (armour unavailable)
rPois    .         Reflect  .   (helmet currently unavailable)
rElec    .         Harm     .   (no cloak)
rCorr    .         Rampage  .   (no gloves)
Will     .....                  (boots currently unavailable)
Stlth    ++........             i - amulet of the acrobat
HPRegen  0.15/turn              n - ring of protection from cold
MPRegen  0.11/turn              s - ring "Ledwikim" {Int+3 Dex+7 SInv}

@: appendages
A: horns 2, talons 2, AC +5, unfitting armour, cold-blooded
a: End Transformation


You were in the Ecumenical Temple.
You had temporarily grown beastly horns and talons.
You visited 2 branches of the dungeon, and saw 6 of its levels.

You collected 206 gold pieces.

Inventory:

Missiles
 a - 8 atropa-tipped darts
Armour
 e - a +0 pair of boots (melded)
Magical Staves
 j - a staff of cold
 r - a staff of death
Jewellery
 i - an amulet of the acrobat (around neck)
 n - a ring of protection from cold (left hand)
 s - the ring "Ledwikim" (right hand) {Int+3 Dex+7 SInv}
   (You found it on level 5 of the Dungeon)

   [ring of see invisible]

   It affects your intelligence (+3).
   It affects your dexterity (+7).
   It lets you see invisible.
Scrolls
 b - a scroll of fear {unknown}
 d - a scroll of fog {unknown}
 f - 2 scrolls of teleportation {unknown}
 g - a scroll of amnesia {unknown}
 h - 2 scrolls of identify {unknown}
 l - 3 scrolls of brand weapon {unknown}
 m - a scroll of torment {unknown}
 o - a scroll of enchant armour {unknown}
Potions
 c - a potion of brilliance {unknown}
 k - a potion of lignification {unknown}
 p - a potion of magic {unknown}
 q - a potion of curing {unknown}


   Skills:
 + Level 3.0 Fighting
 - Level 2.0 Dodging
 - Level 3.0 Unarmed Combat
 - Level 3.0 Spellcasting
 - Level 4.0 Transmutations
 - Level 2.1 Poison Magic


You had 4 spell levels left.
You knew the following spells:

 Your Spells              Type           Power      Damage    Failure   Level
a - Beastly Appendage     Tmut           34%        N/A       3%          1
b - Wereblood             Tmut           17%        N/A       4%          2
c - Spider Form           Tmut/Pois      6%         N/A       14%         3

Your spell library contained the following spells:

 Spells                   Type           Power      Damage    Failure   Level
 Ice Form                 Ice/Tmut       10%        N/A       56%         4
 Hydra Form               Tmut           8%         N/A       65%         5


Dungeon Overview and Level Annotations

Branches:
Dungeon (5/15)             Temple (1/1) D:5

Altars:
Ashenzari
Elyvilon
Sif Muna
Xom
The Shining One

Annotations:
D:5 Ijyb


Innate Abilities, Weirdness & Mutations

You have temporarily grown beastly horns and talons.
Your plain brown scales are hard. (AC +5)
You cannot fit into any form of body armour.
You are cold-blooded and may be slowed by cold attacks.


Message History

Okay, then.
Found a staircase to the Ecumenical Temple.
Found a scroll labelled KOQES PEYDU.
There is a staircase to the Ecumenical Temple here.
The ice beast hits you but does no damage.
You climb downwards.
Welcome to the Ecumenical Temple!
Found a shimmering altar of Xom and a white marble altar of Elyvilon.
There is a staircase back to the Dungeon here.
Casting: Beastly Appendage (safe; 3% risk of failure)
Confirm with . or Enter, or press ? or * to list all spells.
You grow a pair of large bovine horns.
Your feet morph into talons.
Your +0 pair of boots melds into your body.
The ice beast barely misses you.
You barely miss the ice beast. You tail-slap the ice beast.
The ice beast is moderately wounded.
The ice beast hits you but does no damage.
You barely miss the ice beast.
You claw the ice beast, but do no damage.
You headbutt the ice beast.
You tail-slap the ice beast, but do no damage.
The ice beast is heavily wounded.
The ice beast hits you but does no damage.
You closely miss the ice beast.
You tail-slap the ice beast, but do no damage.
The ice beast is heavily wounded.
The ice beast completely misses you.
You hit the ice beast but do no damage.
You tail-slap the ice beast, but do no damage.
The ice beast is heavily wounded.
The ice beast hits you.
* * * LOW HITPOINT WARNING * * *
The ice beast freezes you. You resist.
* * * LOW HITPOINT WARNING * * *
Okay, then.
You closely miss the ice beast.
You claw the ice beast, but do no damage.
You headbutt the ice beast.
The ice beast is heavily wounded.
The ice beast hits you.
You die...

...............
...............
._..........._.
...............
...............
§..............
≈.............≈
≈≈.§§..@.....≈≈
§≈§§....Y...§§§
≈≈§§§§.....§≈≈≈
≈§§§≈.....§§§≈≈
≈≈§≈§§...≈§§§§§
≈§≈§§≈≈§≈§§≈≈≈≈
≈≈≈§≈§≈≈§§§§§≈≈
≈≈§≈≈≈§§§≈≈≈§≈≈


You could see an ice beast.

Vanquished Creatures
  2 hounds (D:5)
  A centaur skeleton (D:5)
  A hound skeleton (D:3)
  5 adders
  A white imp (D:4)
  4 worms
  A dart slug (D:5)
  3 orcs
  4 endoplasms
  4 giant cockroaches
  7 goblins
  5 hobgoblins
  4 quokkas
  6 ball pythons
  7 bats
  4 frilled lizards
  6 kobolds
  5 rats
70 creatures vanquished.

Notes
Turn   | Place    | Note
-------+----------+-------------------------------------------
     0 | D:1      | roflturtle the Draconian Transmuter began the quest for the
                  | Orb.
     0 | D:1      | Reached XP level 1. HP: 16/16 MP: 3/3
   273 | D:1      | Reached XP level 2. HP: 21/24 MP: 3/5
   279 | D:1      | Learned a level 2 spell: Wereblood
  1230 | D:2      | Reached XP level 3. HP: 29/29 MP: 4/6
  1290 | D:2      | Reached skill level 3 in Transmutations
  1515 | D:2      | Found a shimmering blue altar of Sif Muna.
  2008 | D:3      | Learned a level 3 spell: Spider Form
  2153 | D:3      | Found a broken altar of Ashenzari.
  2191 | D:3      | Reached XP level 4. HP: 10/36 MP: 5/7
  2486 | D:3      | Reached skill level 4 in Transmutations
  3594 | D:4      | Found a glowing golden altar of the Shining One.
  3622 | D:4      | Noticed an ogre
  3646 | D:4      | Reached XP level 5. HP: 41/41 MP: 7/9
  3664 | D:5      | Entered Level 5 of the Dungeon
  3697 | D:5      | Reached skill level 1 in Poison Magic
  3802 | D:5      | Identified the ring "Ledwikim" {Int+3 Dex+7 SInv}
  3873 | D:5      | Noticed an ice beast
  3874 | D:5      | Noticed Ijyb
  3890 | D:5      | Found a staircase to the Ecumenical Temple.
  3899 | Temple   | Entered the Ecumenical Temple
  3904 | Temple   | HP: 2/45 [ice beast (5)]
  3905 | Temple   | Slain by an ice beast

Illustrated notes

Levels and vault maps discovered:
D:1:      minmay_arrival_nine_rooms, layout_basic
D:2:      layout_loops_ring, basic_altar
D:3:      layout_loops_ring, amcnicky_altar_gilded, minmay_misc_feat_x
D:4:      layout_loops_ring, tso_metal_star
D:5:      layout_cave_pools, overflow_temple_1_default,
          minmay_temple_entry_mini_moons, uniq_grinder, uniq_ijyb
Temple:   compressed_dpeg_triangle_lava_temple

Skill      XL: |  1  2  3  4  5 |
---------------+----------------+-----
Dodging        | 2 |  2.0
Fighting       | 2 3 |  3.0
Transmutations | 3 4 |  4.0
Spellcasting   | 3 |  3.0
Poison Magic   | 2 |  2.1
Unarmed Combat | |  3.0

Action                   |  1- 3 |  4- 6 || total
-------------------------+-------+-------++-------
Melee: Unarmed           |   137 |   121 ||   258
       Kick              |    11 |    25 ||    36
       Headbutt          |     7 |    19 ||    26
       Tailslap          |    14 |    23 ||    37
       Punch             |     1 |     1 ||     2
 Cast: Beastly Appendage |    16 |    15 ||    31
 Stab: Sleeping          |     1 |     1 ||     2
Armor: Skin              |    31 |    25 ||    56
Dodge: Dodged            |    89 |    66 ||   155

Table legend: (Time is in decaauts)
 A = Elapsed time spent in this place.
 B = Non-inter-level travel time spent in this place.
 C = Inter-level travel time spent in this place.
 D = Time resting spent in this place.
 E = Time spent auto-exploring this place.
 F = Levels seen in this place.
 G = Mean time per level.
                   A        B        C        D        E       F      G
               +--------+--------+--------+--------+--------+-----+--------+
         Total |   3889 |   3766 |    123 |    506 |   2402 |   6 |  648.2 |
       Dungeon |   3883 |   3760 |    123 |    506 |   2402 |   5 |  776.6 |
        Temple |      5 |      5 |      0 |      0 |      0 |   1 |    5.0 |
               +--------+--------+--------+--------+--------+-----+--------+

Top non-repeatable levels by time:
     D:3: 1228 daAuts
     D:1: 1221 daAuts
     D:2: 719 daAuts
     D:4: 481 daAuts
     D:5: 232 daAuts
  Temple: 5 daAuts
